 Dungeon Crawl Stone Soup version 0.27-a0-1579-g97d2440184 (webtiles) character file.

Game seed: 3885905654546616827

513 Sobieck the Sneak (level 7, -13/41 HPs)
             Began as an Octopode Fire Elementalist on July 17, 2021.
             Mangled by a gnoll sergeant (18 damage)
             ... on level 4 of the Dungeon.
             The game lasted 00:09:20 (5591 turns).

Sobieck the Sneak (Octopode Fire Elementalist)      Turns: 5591, Time: 00:09:21

Health: -13/41     AC:  1    Str:  8    XL:     7   Next: 20%
Magic:  6/12       EV: 14    Int: 19    God:
Gold:   89         SH:  0    Dex: 12    Spells: 12/13 levels left

rFire    . . .     SeeInvis .   a - +2 hand axe (venom) {axe}
rCold    . . .     Faith    .   (no shield)
rNeg     . . .     Spirit   .   (helmet restricted)
rPois    .         Reflect  .   (no amulet)
rElec    .         Harm     .   (no ring)
rCorr    .         Rampage  .   (no ring)
Will     .....                  (no ring)
Stlth    ++++......             (no ring)
HPRegen  0.13/turn              (no ring)
MPRegen  0.13/turn              (no ring)
                                (no ring)
                                (no ring)

@: no status effects
A: almost no armour, amphibious, 8 rings, camouflage 1, gelatinous body 1,
(nimble swimmer 1), tentacles
a: no special abilities


You were on level 4 of the Dungeon.
You visited 1 branch of the dungeon, and saw 5 of its levels.

You collected 89 gold pieces.


Innate Abilities, Weirdness & Mutations

You cannot wear most types of armour.
You are amphibious.
You can wear up to eight rings at the same time.
Your skin changes colour to match your surroundings (Stealth+).
Your rubbery body absorbs attacks. (AC +1, EV +1)
((You are camouflaged near water. (Stealth+)))
You have tentacles for arms and can constrict up to eight enemies at once.


   Skills:
 + Level 3.7 Dodging
 + Level 5.3 Stealth
 + Level 3.5 Spellcasting
 + Level 3.3 Conjurations
 + Level 4.4 Fire Magic


You had 12 spell levels left.
You knew the following spells:

 Your Spells              Type           Power      Damage    Failure   Level
a - Foxfire               Conj/Fire      72%        2x1d7     3%          1

Your spell library contained the following spells:

 Spells                   Type           Power      Damage    Failure   Level
 Conjure Flame            Conj/Fire      18%        6-21      9%          3
 Inner Flame              Hex/Fire       11%        N/A       17%         3
 Sticky Flame             Conj/Fire      18%        2d4       28%         4
 Tukima's Dance           Hex            3%         N/A       41%         3
 Fireball                 Conj/Fire      9%         3d6       63%         5
 Passage of Golubria      Tloc           N/A        N/A       82%         4
 Yara's Violent Unravell  Hex/Tmut       1%         3d3       99%         5

Inventory:

Hand Weapons
 a - a +2 hand axe of venom (weapon) {axe}
   (You found it on level 3 of the Dungeon)
 b - a +0 club {mace}
   (You took it off a kobold on level 1 of the Dungeon)
 e - a +0 hunting sling {sling}
   (You found it on level 1 of the Dungeon)
 f - a +1 dagger {short}
   (You took it off a goblin on level 1 of the Dungeon)
 h - a +0 dagger {short}
   (You took it off a goblin on level 1 of the Dungeon)
Missiles
 c - 28 bolts
 g - 125 stones {throwing}
 n - 20 arrows
 q - a throwing net {=f!fthrowing}
 r - 14 poisoned darts {throwing}
 u - 5 boomerangs {throwing}
Jewellery
 p - an amulet of the acrobat
   (You took it off an orc on level 4 of the Dungeon)
Scrolls
 d - a scroll of teleportation {@r4}
Potions
 i - a potion of magic {unknown}
 j - 2 potions of haste {@q3}
 k - 2 potions of attraction {unknown}
 m - 2 potions of curing {@q1}
 o - a potion of heal wounds {unknown}
 s - a potion of brilliance {unknown}

Dungeon Overview and Level Annotations

Branches:
Dungeon (5/15)
 Temple: D:4-7

Altars:
Ashenzari

Shops:
D:1

? .......####...........# #.###..#
##.###..####.####### #.#
#..###...##..# #.......# #.#
#..##.###.#..# #.......# #[#
#....## ##...####.####..#
#)###.##.# #..........^#..#####
#.[##.##.## ##..#####.##.........
##.##.###.###.#ยง#ยง..#.####..#####
##.##.# ##...##.@ยง..........#
#.#.#.#########g......####.##
.###..........<............# ##
##.[[.<#####.......######
.###.####.######.....############
#.#.## #........................
##.## ###########.#############
#.#########........#
#...........########


You could see a gnoll sergeant (very poisoned).


Message History

You lost 1 mp, and now have 5/12 mp.
You conjure some foxfire!
The foxfire hits the gnoll sergeant.
The foxfire hits the gnoll sergeant but does no damage.
The gnoll sergeant hits you from afar with a +2 spear of freezing!
The gnoll sergeant freezes you. ๐Ÿ˜ฎ HP[-11] MP[-1]
You take 11 damage, and now have 30/41 hp.
MASSIVE DAMAGE!! (PAUSE)
You lost 1 mp, and now have 4/12 mp.
The foxfire hits the gnoll sergeant but does no damage.
The gnoll sergeant misses you.
Your magical contamination has completely faded away.
Unknown command. ๐Ÿ˜• HP[+1] ๐Ÿ˜• MP[+1] ๐Ÿ˜• HP[+1] ๐Ÿ˜• MP[+1]
There is a stone staircase leading up here.
You climb upwards.
There is a stone staircase leading down here.
You start resting. ๐Ÿ˜• HP[+6] MP[+6]
You regained 6 hp, and now have 38/41 hp.
Your mp is fully restored (12).
You start resting. ๐Ÿ˜Ž HP[+3]
Your hp is fully restored (41).
You climb downwards.
The gnoll sergeant misses you. The gnoll sergeant closely misses you.
There is a stone staircase leading up here.
The gnoll sergeant hits you with a +2 spear of freezing!
The gnoll sergeant freezes you.
You climb upwards.
There is a stone staircase leading down here. ๐Ÿ˜• HP[-9]
You take 9 damage, and now have 32/41 hp.
MASSIVE DAMAGE!! (PAUSE)
Casting: Foxfire (safe; 3% risk of failure)
Confirm with . or Enter, or press ? or * to list all spells.
You conjure some foxfire!
The gnoll sergeant completely misses you. ๐Ÿ˜• MP[-1]
You lost 1 mp, and now have 11/12 mp.
Unknown command.
Casting: Foxfire (safe; 3% risk of failure)
Confirm with . or Enter, or press ? or * to list all spells.
You conjure some foxfire!
The foxfire hits the gnoll sergeant but does no damage.
The gnoll sergeant hits you with a +2 spear of freezing!
The gnoll sergeant freezes you.
* * * LOW HITPOINT WARNING * * *
Unknown command. ๐Ÿ˜จ HP[-12] MP[-1]
You take 12 damage, and now have 20/41 hp.
MASSIVE DAMAGE!! (PAUSE)
You lost 1 mp, and now have 10/12 mp.
Casting: Foxfire (safe; 3% risk of failure)
Confirm with . or Enter, or press ? or * to list all spells.
You conjure some foxfire!
The foxfire hits the gnoll sergeant. x2
The gnoll sergeant hits you with a +2 spear of freezing.
* * * LOW HITPOINT WARNING * * *
The gnoll sergeant freezes you.
* * * LOW HITPOINT WARNING * * *
๐Ÿ˜จ HP[-3] MP[-1]
You take 3 damage, and now have 17/41 hp.
You lost 1 mp, and now have 9/12 mp.
Unknown command.
Casting: Foxfire (safe; 3% risk of failure)
Confirm with . or Enter, or press ? or * to list all spells.
You conjure some foxfire!
The foxfire hits the gnoll sergeant but does no damage. x2
The foxfire hits the gnoll sergeant.
The gnoll sergeant barely misses you. ๐Ÿ˜จ MP[-1]
You lost 1 mp, and now have 8/12 mp.
Unknown command.
Casting: Foxfire (safe; 3% risk of failure)
Confirm with . or Enter, or press ? or * to list all spells.
You conjure some foxfire!
The foxfire hits the gnoll sergeant.
The gnoll sergeant misses you. ๐Ÿ˜จ MP[-1]
You lost 1 mp, and now have 7/12 mp.
Unknown command.
Casting: Foxfire (safe; 3% risk of failure)
Confirm with . or Enter, or press ? or * to list all spells.
You conjure some foxfire!
The foxfire hits the gnoll sergeant. x3
The gnoll sergeant hits you with a +2 spear of freezing!
* * * LOW HITPOINT WARNING * * *
The gnoll sergeant freezes you.
* * * LOW HITPOINT WARNING * * *
๐Ÿ˜ฑ HP[-12] MP[-1]
You take 12 damage, and now have 5/41 hp.
MASSIVE DAMAGE!! (PAUSE)
You lost 1 mp, and now have 6/12 mp.
Unknown command.
You hit the gnoll sergeant but do no damage.
The gnoll sergeant is poisoned.
You grab the gnoll sergeant. You constrict the gnoll sergeant.
The foxfire hits the gnoll sergeant but does no damage. x2
The gnoll sergeant hits you with a +2 spear of freezing!!
You die...

Skill      XL: |  1  2  3  4  5  6 |
---------------+-------------------+-----
Stealth        | 3 4 5 |  5.3
Conjurations   | 2 3 |  3.3
Dodging        | 3 |  3.7
Spellcasting   | 3 |  3.5
Fire Magic     | 4 |  4.4

Action                   |  1- 3 |  4- 6 |  7- 9 || total
-------------------------+-------+-------+-------++-------
Melee: Unarmed           |    29 |       |       ||    29
       Constrict         |     7 |    12 |     1 ||    20
       Tentacles         |     4 |     8 |       ||    12
       Dagger            |     1 |    10 |       ||    11
       Hand axe          |       |    44 |     1 ||    45
 Cast: Foxfire           |    40 |    97 |    14 ||   151
  Use: Scroll            |       |     7 |       ||     7
 Stab: Sleeping          |     4 |     7 |       ||    11
Armor: Skin              |     1 |     3 |       ||     4
Dodge: Dodged            |    26 |    52 |     6 ||    84

Levels and vault maps discovered:
D:1:      eino_arrival_water_cross, layout_loops_ring, serial_shops,
          nicolae_shop_temple_entry_statues_fountains, minivault_14,
          chequers_serial_rivers_room_b, serial_park_tiny_1
D:2:      layout_loops_cross
D:3:      layout_basic, ebering_ecumenical_altar_mist, supply_closet_lemuel
D:4:      layout_loops_ring, ashenzari_altar_1, abandoned_shop
D:5:      layout_basic, nicolae_gozag_cash_rules_everything_around_me,
          ebering_ghost_inner_flame, gup_sewer_entry_bubbles, serial_shops,
          shop, nicolae_shop_trees, shop_statue, uniq_sigmund, uniq_menkaure

Notes
Turn   | Place    | Note
-------+----------+-------------------------------------------
     0 | D:1      | Sobieck the Octopode Fire Elementalist began the quest for
                  | the Orb.
     0 | D:1      | Reached XP level 1. HP: 11/11 MP: 3/3
     0 | D:1      | magus.rc [v1.9.6]
   414 | D:1      | Reached XP level 2. HP: 17/17 MP: 0/5
   517 | D:1      | Found Xiole's Magic Scroll Boutique.
   519 | D:1      | Reached skill level 3 in Stealth
  1006 | D:1      | Reached XP level 3. HP: 20/21 MP: 3/6
  1395 | D:1      | Reached XP level 4. HP: 27/27 MP: 5/7
  2283 | D:2      | You add the spells Tukima's Dance, Passage of Golubria and
                  | Yara's Violent Unravelling to your library.
  2587 | D:3      | Reached skill level 2 in Conjurations
  2817 | D:3      | Reached skill level 4 in Stealth
  2817 | D:3      | Reached XP level 5. HP: 31/31 MP: 5/9
  3408 | D:3      | Found a faded altar of an unknown god.
  3880 | D:4      | Reached skill level 3 in Dodging
  3880 | D:4      | Reached skill level 3 in Spellcasting
  3913 | D:4      | Reached XP level 6. HP: 36/36 MP: 6/10
  3966 | D:4      | Reached skill level 4 in Fire Magic
  4129 | D:5      | Entered Level 5 of the Dungeon
  4484 | D:4      | Reached skill level 3 in Conjurations
  4676 | D:4      | Reached skill level 5 in Stealth
  4790 | D:4      | Found a broken altar of Ashenzari.
  5184 | D:5      | Noticed an ice beast
  5193 | D:5      | HP: 3/36 [ice beast (10)]
  5194 | D:5      | Killed an ice beast
  5195 | D:5      | Reached XP level 7. HP: 3/41 MP: 6/12
  5590 | D:4      | HP: 8/41 [gnoll sergeant (9)]
  5591 | D:4      | Mangled by a gnoll sergeant

Vanquished Creatures
  An ice beast (D:5)
  A scorpion (D:4)
  A hound (D:4)
  A centaur skeleton (D:3)
  An orc priest (D:3)
  2 orc wizards (D:4)
  5 gnolls
  8 adders
  An adder skeleton (D:4)
  3 worms
  3 dart slugs
  7 orcs (D:4)
  5 bats
  8 endoplasms
  A giant cockroach (D:3)
  4 goblins
  9 hobgoblins
  7 jackals
  4 quokkas
  3 ball pythons
  2 frilled lizards (D:1)
  A jackal skeleton (D:4)
  4 kobolds
  4 rats
86 creatures vanquished.

Vanquished Creatures (others)
  253 foxfires
253 creatures vanquished.

Grand Total: 339 creatures vanquished

Table legend:
 A = Non-vault XP
 B = Vault XP
 C = Vault XP percentage of total XP
 D = Non-vault monster count
 E = Vault monster count
 F = Vault count percentage of total count
                 A         B        C        D         E       F
            +---------+---------+-------+---------+---------+-------
      Total |     734 |       0 |   0.0 |      86 |       0 |   0.0
            +---------+---------+-------+---------+---------+-------
        D:1 |      37 |       0 |   0.0 |      21 |       0 |   0.0
        D:2 |      69 |       0 |   0.0 |      16 |       0 |   0.0
        D:3 |     140 |       0 |   0.0 |      17 |       0 |   0.0
        D:4 |     338 |       0 |   0.0 |      30 |       0 |   0.0
        D:5 |     150 |       0 |   0.0 |       2 |       0 |   0.0
            +---------+---------+-------+---------+---------+-------

Illustrated notes

Table legend:
 A = Kills in this place as a percentage of kills in entire the game.
 B = Kills by you in this place as a percentage of kills by you in the entire game.
 C = Kills by friends in this place as a percentage of kills by friends in the entire game.
 D = Other kills in this place as a percentage of other kills in the entire game.
 E = Experience gained in this place as a percentage of experience gained in the entire game.
 F = Experience gained in this place divided by the number of levels of this place that you have seen.
                   A       B       C       D       E      F
               +-------+-------+-------+-------+-------+----------------------
         Total | 100.0 | 100.0 |   N/A |   N/A | 100.0 | 146.8
       Dungeon | 100.0 | 100.0 |   N/A |   N/A | 100.0 | 146.8
               +-------+-------+-------+-------+-------+----------------------

Table legend: (Time is in decaauts)
 A = Elapsed time spent in this place.
 B = Non-inter-level travel time spent in this place.
 C = Inter-level travel time spent in this place.
 D = Time resting spent in this place.
 E = Time spent auto-exploring this place.
 F = Levels seen in this place.
 G = Mean time per level.
                   A        B        C        D        E       F      G
               +--------+--------+--------+--------+--------+-----+--------+
         Total |   5613 |   5468 |    145 |   2218 |   2554 |   5 | 1122.6 |
       Dungeon |   5613 |   5468 |    145 |   2218 |   2554 |   5 | 1122.6 |
               +--------+--------+--------+--------+--------+-----+--------+

Top non-repeatable levels by time:
     D:3: 1448 daAuts
     D:4: 1409 daAuts
     D:1: 1297 daAuts
     D:2: 1101 daAuts
     D:5: 356 daAuts
